Map: [ESL] Data-C

Players

Maru - Winner!

  • Race: Terran Terran
  • League: Master
  • Spawn Location: 3:00

ByuN

  • Race: Terran Terran
  • Spawn Location: 9:00

VOD

Have the link to the VOD?

Description

Time

  • Played on: Nov. 6, 2022, 5:41 a.m.
  • Length: 27:19
Show
View Real Time Build Order
Export as new Build Order

Maru Terran - Winner!

Build Orders:  

Get SALT Encoding   

  12  0:00  SCV  
  13  0:12  SCV  
  14  0:16  Supply Depot  
  14  0:24  SCV  
  15  0:38  SCV  
  15  0:39  Barracks  
  16  0:43  Refinery  
  16  0:50  SCV  
  16  0:53  Refinery  
  17  1:02  SCV  
  18  1:14  SCV  
  19  1:27  Reaper, Orbital Command  
  19  1:32  Supply Depot  
  20  1:43  Factory  
  20  1:52  SCV  
  21  1:59  Reaper  
  22  2:04  SCV  
  23  2:16  SCV  
  24  2:25  Command Center  
  24  2:28  Hellion  
  26  2:30  SCV  
  26  2:34  Barracks Reactor  
  27  2:41  Starport  
  27  2:43  SCV  
  28  2:48  Supply Depot  
  28  2:52  Factory Tech Lab  
  28  2:56  SCV  
  29  3:08  SCV  
  29  3:11  Siege Tank, Marine  
  29  3:12  Marine  
  35  3:18  Refinery  
  35  3:20  SCV  
  35  3:24  Medivac  
  38  3:31  Marine  
  39  3:36  SCV, Marine  
  39  3:39  Orbital Command  
  41  3:46  Cyclone  
  44  3:48  SCV  
  44  3:53  Supply Depot  
  45  3:57  Marine, Starport Tech Lab  
  45  4:00  Marine  
  48  4:02  SCV  
  48  4:05  SCV  
  49  4:15  SCV, Raven  
  52  4:19  Marine x2  
  52  4:25  SCV  
  52  4:27  SCV  
  52  4:30  Siege Tank  
  54  4:37  SCV  
  55  4:45  SCV  
  54  4:49  Marine  
  54  4:52  SCV  
  53  4:54  Marine  
  53  4:57  SCV  
  55  5:04  SCV  
  55  5:06  Marine  
  56  5:10  SCV  
  56  5:12  Marine  
  58  5:16  SCV  
  59  5:22  SCV  
  59  5:24  Supply Depot  
  59  5:28  SCV  
  61  5:29  Command Center  
  61  5:34  Raven  
  60  5:37  SCV  
  60  5:40  SCV  
  62  5:46  Siege Tank, Marine x2  
  67  5:52  Supply Depot, SCV  
  68  6:03  Marine x2  
  64  6:05  SCV  
  64  6:08  SCV  
  64  6:09  Supply Depot  
  66  6:18  SCV  
  62  6:20  SCV  
  62  6:21  Siege Tank  
  65  6:30  SCV  
  65  6:32  SCV  
  66  6:35  Barracks  
  66  6:37  Barracks  
  66  6:39  Engineering Bay  
  66  6:40  Engineering Bay  
  66  6:41  Orbital Command  
  66  6:42  SCV  
  66  6:45  Viking  
  69  6:48  Viking  
  71  6:56  Siege Tank, Marine  
  75  7:06  SCV  
  76  7:10  SCV x2  
  76  7:12  Refinery  
  76  7:14  Supply Depot, Marine  
  79  7:18  SCV  
  79  7:20  Viking x2  
  84  7:27  Barracks Reactor, Supply Depot  
  84  7:28  Barracks Reactor, SCV, Orbital Command  
  86  7:32  Marine  
  86  7:34  SCV  
  87  7:39  Barracks  
  87  7:40  Barracks, SCV  
  87  7:42  Missile Turret, Siege Tank  
  87  7:43  Missile Turret  
  90  7:46  SCV  
  91  7:52  SCV  
  91  7:53  SCV  
  91  7:56  Viking  
  91  7:57  Viking  
  97  8:00  Marine  
  97  8:02  SCV  
  97  8:04  SCV  
  100  8:06  SCV  
  100  8:08  Terran Infantry Weapons Level 1  
  100  8:10  Marine x2  
  100  8:14  SCV  
  100  8:16  SCV  
  100  8:18  SCV  
  99  8:20  Barracks Tech Lab  
  99  8:26  SCV, Viking  
  99  8:27  Viking, Refinery x2  
  101  8:28  SCV  
  101  8:30  SCV  
  103  8:36  Barracks Reactor  
  103  8:38  SCV  
  103  8:41  SCV  
  105  8:42  SCV  
  105  8:45  Stimpack  
  106  8:49  Supply Depot  
  106  8:50  SCV  
  106  8:51  Supply Depot, Command Center  
  106  8:53  SCV  
  106  8:55  Siege Tank  
  111  9:00  Terran Infantry Armor Level 1  
  111  9:01  Marine  
  111  9:02  SCV  
  113  9:05  Supply Depot  
  113  9:06  Supply Depot  
  113  9:10  SCV x2  
  113  9:14  SCV  
  116  9:18  Medivac  
  116  9:19  Medivac, Marine x4  
  116  9:20  Sensor Tower  
  116  9:21  Barracks Reactor, Marine  
  125  9:24  SCV  
  125  9:29  Armory  
  126  9:33  Supply Depot, Marine x2  
  126  9:36  Marine  
  129  9:38  Siege Tank  
  129  9:40  SCV  
  133  9:47  Missile Turret  
  133  9:48  Missile Turret  
  133  9:49  Missile Turret  
  133  9:52  Marine x5  
  137  9:59  Marine x4  
  142  10:00  Supply Depot  
  142  10:05  Medivac x2, Factory  
  146  10:10  Marine  
  146  10:14  Siege Tank, Marine x4  
  150  10:16  Sensor Tower  
  150  10:17  SCV x3, Marine  
  158  10:25  Combat Shield  
  158  10:26  Marine x2  
  158  10:27  Terran Infantry Weapons Level 2  
  160  10:28  Supply Depot  
  160  10:32  SCV x3, Refinery  
  160  10:35  Refinery, Planetary Fortress  
  163  10:37  Supply Depot  
  163  10:44  SCV  
  163  10:47  Marine x5  
  161  10:51  Marine  
  161  10:52  Starport  
  161  10:53  Starport  
  161  10:57  Marine x2  
  162  11:01  Terran Infantry Armor Level 2  
  162  11:03  Marine  
  165  11:05  Marine x4  
  165  11:07  Terran Vehicle Weapons Level 1, Command Center  
  169  11:17  Missile Turret  
  161  11:25  Siege Tank  
  161  11:28  Viking x2  
  168  11:39  Marine x5  
  166  11:42  Starport Tech Lab x2  
  166  11:43  Command Center  
  167  11:53  Barracks Reactor, Armory  
  167  11:57  Viking, Siege Tank  
  167  11:58  Viking, Siege Tank  
  177  12:03  Viking x2  
  177  12:05  Corvid Reactor  
  181  12:20  Missile Turret  
  181  12:22  Command Center  
  177  12:33  Raven x2  
  177  12:34  Marine  
  149  12:37  Siege Tank x2  
  149  12:38  Marine x6  
  149  12:39  Marine x3  
  164  12:44  Viking x2  
  164  12:50  Missile Turret, Planetary Fortress  
  168  12:51  Marine  
  168  12:55  Terran Vehicle And Ship Armor Level 1  
  169  13:01  Sensor Tower  
  169  13:03  Missile Turret x2  
  169  13:05  Marine x5  
  174  13:09  Siege Tank, Orbital Command  
  177  13:15  Missile Turret  
  177  13:16  Raven  
  177  13:17  Viking  
  171  13:20  SCV x2  
  171  13:21  SCV  
  165  13:29  Marine  
  165  13:32  SCV, Siege Tank  
  165  13:33  SCV  
  157  13:35  Viking  
  157  13:37  SCV  
  157  13:38  SCV  
  153  13:41  Siege Tank  
  153  13:45  SCV x2, Orbital Command  
  156  13:49  SCV  
  156  13:50  Liberator, SCV  
  156  13:52  Marine  
  156  13:55  SCV  
  163  13:57  SCV x2  
  165  14:03  Raven  
  165  14:06  Refinery  
  167  14:14  Siege Tank, Marine  
  167  14:15  Marine  
  166  14:18  Terran Infantry Weapons Level 3  
  163  14:24  SCV x2  
  163  14:25  SCV x2  
  163  14:28  Siege Tank, Marine x3  
  163  14:29  Marine x2  
  154  14:40  Viking, Marine  
  154  14:41  Marine x3  
  154  14:42  Marine  
  154  14:43  SCV  
  153  14:46  Marine  
  154  14:55  SCV x3  
  154  14:56  SCV  
  154  14:58  Terran Infantry Armor Level 3  
  158  15:03  Sensor Tower  
  158  15:05  Marine  
  158  15:06  Marine x5  
  162  15:15  SCV x3, Raven  
  162  15:16  Marine x2  
  162  15:17  Marine  
  168  15:25  Missile Turret  
  168  15:29  SCV x6  
  168  15:30  Marine x4  
  168  15:33  Raven  
  180  15:37  Refinery  
  180  15:38  Refinery  
  180  15:39  Command Center, Marine x4  
  180  15:41  SCV  
  185  15:43  Viking  
  185  15:44  Viking  
  189  15:52  Missile Turret x2  
  187  16:05  Siege Tank x2  
  187  16:07  Raven  
  187  16:11  Refinery, Terran Vehicle Weapons Level 2  
  195  16:20  Refinery, Command Center  
  192  16:35  Terran Vehicle And Ship Armor Level 2  
  192  16:37  Siege Tank  
  195  16:42  Viking, Raven  
  195  16:43  Viking  
  195  16:50  Marine  
  195  16:51  Marine x5  
  195  16:58  Raven, Orbital Command  
  186  17:01  Siege Tank, Marine  
  190  17:09  Orbital Command  
  190  17:10  Marine  
  190  17:15  Marine x7  
  186  17:18  SCV x3  
  184  17:23  Liberator  
  184  17:25  Raven  
  184  17:26  Marine x2  
  184  17:28  Marine  
  192  17:32  Marine  
  192  17:33  Marine x2  
  191  17:40  Refinery  
  191  17:41  Raven  
  193  17:46  Marine  
  193  17:47  Siege Tank, Marine x2  
  193  17:49  Hi-Sec Auto Tracking, Neosteel Armor  
  193  17:51  Marine  
  200  18:01  Command Center  
  200  18:02  Command Center  
  200  18:10  Command Center  
  184  18:14  Marine x2  
  184  18:17  Siege Tank, Marine  
  184  18:18  Marine x4  
  184  18:19  Siege Tank  
  186  18:49  Terran Vehicle Weapons Level 3, Siege Tank  
  186  18:51  Siege Tank  
  186  18:55  Refinery  
  189  19:09  Marine x5  
  176  19:11  SCV x3  
  176  19:13  SCV x3, Missile Turret  
  184  19:17  Marine x2  
  184  19:21  Siege Tank  
  184  19:23  Siege Tank, Marine x3  
  192  19:27  Marine  
  188  19:36  Raven x2  
  192  19:44  Marine  
  192  19:45  Marine x6  
  192  19:53  Siege Tank  
  192  19:55  Siege Tank  
  192  19:56  Marine x2  
  192  20:01  Marine  
  192  20:02  Marine x2  
  192  20:03  Marine x2  
  196  20:07  Marine  
  194  20:19  Marine x5  
  186  20:21  Marine  
  186  20:25  Siege Tank  
  186  20:27  Siege Tank  
  188  20:33  Marine  
  183  20:51  Terran Vehicle And Ship Armor Level 3  
  183  20:53  Refinery  
  183  20:56  Orbital Command  
  180  20:57  Siege Tank  
  180  20:59  Siege Tank  
  180  21:01  Marine  
  180  21:02  Marine x4  
  173  21:05  Marine  
  173  21:08  Marine x4  
  173  21:20  Marine  
  173  21:21  Marine x4  
  173  21:23  Raven x2, Marine  
  183  21:30  Siege Tank  
  183  21:31  Siege Tank  
  189  21:33  Marine x4  
  189  21:38  Marine  
  191  21:41  Orbital Command  
  191  21:42  Marine  
  191  21:43  Marine x3  
  191  21:46  Marine  
  196  21:51  Marine x2  
  198  21:56  Marine  
  198  21:57  Marine  
  200  22:21  Marine  
  200  22:22  Marine  
  200  22:34  Marine  
  189  22:45  Raven  
  189  22:48  Marine x8  
  189  22:52  Marine  
  189  22:53  Siege Tank x2, Raven  
  189  22:54  Viking  
  192  23:01  SCV  
  192  23:02  SCV x5  
  189  23:05  Marine  
  189  23:06  Marine  
  189  23:12  Marine  
  172  23:13  SCV  
  168  23:22  Viking  
  168  23:23  Marine x5  
  168  23:25  Siege Tank x2  
  176  23:27  Raven  
  176  23:30  Missile Turret  
  176  23:31  Marine  
  176  23:34  Marine x3  
  176  23:36  Raven  
  176  23:41  SCV, Marine x5  
  181  23:42  SCV x5  
  188  23:49  Marine  
  188  23:52  Marine x2  
  188  23:55  Marine  
  191  23:57  Siege Tank x2  
  191  23:59  Marine x2  
  200  24:05  Sensor Tower  
  200  24:15  Sensor Tower  
  200  24:16  Planetary Fortress  
  200  24:21  Missile Turret x2  
  200  24:24  Terran Ship Weapons Level 1  
  200  24:28  Barracks Reactor  
  200  24:38  Siege Tank x2  
  194  24:41  Marine x2  
  194  24:42  Marine  
  194  24:43  Marine  
  182  24:54  Marine x2  
  182  24:59  Marine x4  
  181  25:00  Marine x2  
  181  25:06  Marine x2  
  168  25:10  Siege Tank x2  
  168  25:11  Marine  
  168  25:12  Marine  
  175  25:17  Command Center, Marine x4  
  175  25:18  Marine x2  
  181  25:24  Marine x2  
  178  25:29  Raven  
  178  25:30  Marine x2  
  178  25:35  Marine x4  
  182  25:40  Marine x2  
  182  25:42  Siege Tank x2, Marine x2  
  187  25:48  Refinery x2  
  187  25:58  Command Center  
  186  26:07  Marine x3  
  186  26:08  Marine  
  179  26:18  Marine x4  
  175  26:32  Siege Tank, Marine  
  171  26:34  Marine x2  
  171  26:35  Marine x3  
  171  26:36  Marine x2  
  171  26:39  Marine  
  178  26:46  Marine  
  178  26:49  Marine  
  178  26:52  Marine x2  
  178  26:53  Marine x3  
  181  26:54  Marine x2  
  186  26:57  Marine  
Show
View Real Time Build Order
Export as new Build Order

ByuN Terran 

Build Orders:  

Get SALT Encoding   

  12  0:00  SCV  
  13  0:12  SCV  
  14  0:17  Supply Depot  
  14  0:25  SCV  
  15  0:38  SCV  
  15  0:39  Barracks  
  16  0:43  Refinery  
  16  0:50  SCV  
  16  0:52  Refinery  
  17  1:02  SCV  
  18  1:15  SCV  
  19  1:26  Reaper  
  19  1:27  Orbital Command  
  20  1:33  Supply Depot  
  20  1:40  Factory  
  20  1:53  SCV  
  21  1:58  Reaper  
  22  2:05  SCV  
  23  2:17  SCV  
  23  2:21  Command Center  
  24  2:26  Hellion  
  27  2:30  SCV  
  27  2:31  Barracks Reactor  
  27  2:39  Starport  
  27  2:43  SCV  
  28  2:48  Supply Depot  
  28  2:52  Widow Mine  
  28  2:55  SCV  
  31  3:09  Marine x2  
  31  3:10  SCV  
  34  3:15  Factory Tech Lab  
  34  3:18  Medivac  
  36  3:22  Refinery  
  36  3:25  SCV  
  37  3:27  Marine x2  
  39  3:34  Orbital Command  
  39  3:38  SCV  
  40  3:44  Factory Tech Lab  
  40  3:45  Marine x2  
  42  3:50  SCV  
  42  3:54  Supply Depot, Raven  
  45  4:01  SCV  
  45  4:02  SCV  
  47  4:07  Cyclone  
  47  4:08  Marine  
  47  4:09  Marine  
  52  4:13  SCV  
  52  4:14  SCV  
  54  4:21  Supply Depot  
  52  4:26  Marine  
  52  4:27  Marine  
  52  4:31  SCV  
  55  4:38  Raven  
  54  4:43  SCV  
  54  4:44  Marine  
  54  4:45  Marine  
  50  4:55  SCV  
  50  4:58  Siege Tank, Orbital Command  
  53  5:02  Marine  
  48  5:07  SCV  
  47  5:19  SCV  
  47  5:20  Marine  
  49  5:23  Raven  
  49  5:27  SCV  
  50  5:31  SCV  
  51  5:37  Refinery  
  51  5:38  Marine  
  51  5:40  SCV  
  50  5:43  SCV  
  50  5:44  Siege Tank  
  54  5:52  SCV  
  54  5:55  SCV  
  54  5:56  Marine  
  56  6:04  SCV  
  56  6:08  Viking, Command Center, SCV  
  59  6:13  Marine  
  59  6:16  SCV  
  55  6:20  SCV  
  53  6:28  SCV, Siege Tank  
  53  6:29  Refinery  
  58  6:34  Barracks Reactor  
  58  6:37  Supply Depot  
  58  6:43  SCV  
  58  6:44  SCV, Viking  
  61  6:55  SCV  
  61  6:58  SCV  
  60  7:07  Siege Tank  
  60  7:08  SCV  
  64  7:12  Barracks  
  64  7:13  Barracks  
  64  7:16  SCV  
  64  7:20  SCV  
  66  7:23  Orbital Command  
  66  7:24  Marine  
  66  7:25  Stimpack  
  68  7:33  Viking x2  
  68  7:36  SCV x2  
  73  7:48  Engineering Bay, SCV x2  
  75  7:51  Marine  
  75  7:52  Engineering Bay  
  75  7:53  Siege Tank, Orbital Command  
  79  8:01  SCV x2  
  79  8:03  Barracks Reactor  
  79  8:05  Barracks Reactor, Supply Depot  
  81  8:12  Marine  
  82  8:13  SCV  
  82  8:15  SCV  
  82  8:22  Viking  
  82  8:27  Viking, SCV x2  
  86  8:29  Terran Infantry Armor Level 1, Terran Infantry Weapons Level 1  
  86  8:33  Marine  
  87  8:34  Siege Tank  
  90  8:42  Marine x2  
  90  8:44  Missile Turret  
  90  8:47  Marine x2  
  92  8:48  Supply Depot  
  92  8:50  Supply Depot  
  93  8:57  SCV  
  93  9:10  SCV x3, Medivac x2, Marine x5  
  93  9:13  Supply Depot, Armory  
  93  9:14  Supply Depot  
  93  9:15  Barracks  
  93  9:16  Barracks  
  105  9:21  Sensor Tower  
  105  9:22  SCV x3  
  108  9:26  Supply Depot  
  108  9:33  Marine x5  
  108  9:34  SCV x3  
  108  9:37  Refinery x2, Combat Shield  
  116  9:41  Supply Depot  
  116  9:46  SCV  
  117  9:53  Marine x5  
  117  9:55  Command Center  
  117  9:58  Siege Tank  
  125  10:00  SCV x2  
  125  10:01  SCV  
  125  10:03  Barracks Reactor  
  125  10:04  Barracks Reactor  
  128  10:12  SCV x2  
  128  10:13  SCV  
  131  10:18  Marine x3  
  131  10:19  Viking, Marine x2  
  138  10:23  Terran Vehicle Weapons Level 1  
  138  10:25  Viking  
  140  10:28  SCV  
  140  10:29  SCV x2  
  143  10:40  Missile Turret  
  146  10:50  Terran Infantry Armor Level 2, Terran Infantry Weapons Level 2, Siege Tank  
  146  10:51  Supply Depot  
  146  10:53  Factory  
  146  10:57  Viking x2  
  146  11:01  SCV  
  149  11:05  Supply Depot  
  149  11:07  Supply Depot, SCV x2  
  149  11:08  Planetary Fortress  
  151  11:17  Marine x3  
  154  11:22  Siege Tank  
  154  11:23  Marine x2  
  155  11:33  Viking x2  
  155  11:35  Marine x3  
  160  11:47  Barracks Reactor, SCV x3, Barracks  
  160  11:48  Barracks x2  
  160  11:54  Siege Tank  
  165  12:00  Siege Tank  
  168  12:02  Viking, Marine  
  168  12:03  Viking, Marine x6  
  179  12:15  Command Center  
  179  12:26  Supply Depot, Refinery x2, Siege Tank  
  179  12:27  Supply Depot  
  179  12:28  Marine x3  
  179  12:29  Missile Turret  
  184  12:32  Medivac, Siege Tank  
  184  12:33  Medivac  
  184  12:35  SCV  
  187  12:40  Command Center  
  187  12:41  SCV  
  187  12:42  Command Center  
  187  12:43  Barracks Reactor x3  
  188  12:48  SCV  
  189  12:51  Terran Vehicle Weapons Level 2  
  189  12:58  Siege Tank  
  192  13:04  Siege Tank  
  194  13:07  Marine  
  194  13:08  Missile Turret, Marine x5  
  189  13:24  Marine x3  
  189  13:26  Marine  
  181  13:27  Marine x2  
  181  13:29  Marine x2  
  181  13:30  Siege Tank, Marine x2  
  181  13:31  Marine x2  
  181  13:33  Marine x3  
  175  13:36  Siege Tank, Marine  
  175  13:40  SCV x3  
  168  13:42  Marine x2  
  168  13:44  Marine  
  168  13:45  Marine  
  168  13:46  Medivac  
  174  13:48  Medivac, Marine  
  174  13:51  Marine  
  177  13:55  Orbital Command  
  177  13:59  Command Center  
  177  14:01  Command Center  
  177  14:02  Siege Tank  
  176  14:04  Marine x7  
  176  14:08  Siege Tank  
  181  14:13  Marine  
  181  14:15  Marine x2  
  181  14:16  Marine x2  
  175  14:21  Marine x2  
  175  14:22  Marine  
  176  14:24  Marine  
  176  14:28  Marine  
  175  14:34  Siege Tank  
  175  14:37  Marine x2  
  153  14:38  Marine  
  153  14:40  Siege Tank, Marine  
  153  14:41  Marine x3  
  153  14:43  Marine  
  157  14:46  Marine  
  157  14:47  Marine  
  157  14:50  Marine  
  157  14:52  Marine  
  152  14:53  Marine x2  
  152  14:54  Marine  
  152  14:55  Marine  
  152  14:56  Orbital Command x2  
  152  14:57  Orbital Command  
  152  14:59  Orbital Command  
  154  15:01  Terran Infantry Armor Level 3  
  154  15:06  Terran Infantry Weapons Level 3, Siege Tank  
  157  15:10  Marine x7  
  157  15:11  Marine x3  
  157  15:12  Marine x2  
  157  15:14  Marine  
  164  15:16  Siege Tank  
  164  15:17  Medivac x2  
  166  15:22  Orbital Command  
  161  15:29  Planetary Fortress  
  161  15:32  Orbital Command  
  161  15:36  Marine x6  
  161  15:38  Marine  
  161  15:40  Marine x2  
  161  15:41  Marine  
  171  15:43  Marine  
  171  15:47  Medivac, Marine  
  175  15:50  Marine  
  175  15:52  Marine x3  
  175  15:54  Marine x4  
  183  16:02  Marine  
  184  16:06  Marine x7  
  184  16:08  Marine  
  192  16:12  Medivac, Marine x3  
  192  16:13  Marine x3  
  192  16:17  Medivac  
  199  16:18  Starport  
  199  16:19  Starport  
  199  16:20  Terran Vehicle Weapons Level 3  
  187  16:33  Marine  
  187  16:34  Marine  
  187  16:37  Marine  
  181  16:40  Siege Tank  
  181  16:45  Marine  
  181  16:46  Siege Tank  
  172  16:54  Marine x11  
  172  16:59  Marine  
  172  17:00  Marine  
  167  17:04  Marine  
  167  17:05  Marine  
  158  17:09  Marine  
  158  17:12  Siege Tank, Marine x9  
  158  17:13  Marine  
  160  17:18  Siege Tank  
  157  17:23  Marine  
  157  17:24  Marine x2  
  157  17:28  Marine  
  157  17:29  Marine x3  
  160  17:30  Marine  
  160  17:34  Marine x7  
  160  17:42  Marine  
  155  17:44  Siege Tank  
  155  17:45  Marine  
  155  17:46  Marine x2, Orbital Command  
  155  17:50  Siege Tank, Marine  
  165  17:55  Medivac  
  165  17:56  Medivac  
  165  17:57  Medivac x2  
  170  17:59  Marine x2  
  170  18:00  Marine  
  170  18:01  Marine  
  170  18:03  Marine  
  170  18:04  Marine  
  176  18:11  Marine  
  174  18:14  Marine  
  174  18:15  Marine  
  174  18:16  Siege Tank  
  172  18:20  Marine  
  172  18:22  Siege Tank  
  172  18:25  Medivac x2  
  172  18:26  Marine  
  181  18:27  Marine  
  181  18:28  Marine  
  181  18:30  Marine x6  
  186  18:41  Marine x4  
  186  18:43  Marine  
  186  18:45  SCV  
  186  18:46  SCV x3, Marine  
  189  18:48  Siege Tank  
  189  18:50  Marine x2  
  189  18:51  Marine  
  189  18:52  Marine x5  
  193  19:04  Marine  
  193  19:05  Siege Tank  
  193  19:08  Marine  
  193  19:09  Marine x2  
  177  19:10  Marine x2  
  177  19:11  Marine x2  
  177  19:13  Marine x3  
  177  19:14  Marine  
  181  19:17  Marine  
  181  19:18  Marine  
  181  19:19  Marine x2  
  181  19:21  Siege Tank  
  181  19:22  Marine  
  185  19:25  Marine  
  185  19:26  Marine  
  185  19:27  Marine  
  185  19:28  Marine x2  
  185  19:29  Marine x2  
  185  19:31  Marine x3  
  192  19:32  Marine  
  192  19:35  Marine  
  192  19:36  Marine  
  192  19:37  Marine  
  199  19:41  Marine x2  
  199  19:43  Marine  
  199  19:44  Siege Tank, Marine  
  199  19:45  Marine  
  200  19:46  Marine  
  200  19:47  Marine x2  
  193  19:53  Siege Tank, Marine x3  
  193  19:59  Marine  
  196  20:03  Orbital Command, Marine x2  
  196  20:06  Medivac  
  196  20:07  Medivac  
  194  20:08  Marine  
  194  20:09  Marine  
  194  20:11  Marine  
  194  20:13  Marine x3  
  183  20:14  Marine  
  183  20:16  Siege Tank  
  183  20:18  Marine x3  
  177  20:24  Marine  
  177  20:25  Siege Tank  
  174  20:30  Medivac x2  
  174  20:31  Marine  
  174  20:36  Medivac x2, Marine x2  
  174  20:38  Marine x2  
  174  20:41  Marine  
  183  20:48  Siege Tank  
  183  20:50  Marine  
  183  20:51  Orbital Command  
  183  20:53  Marine x4  
  183  20:54  Marine x4  
  192  20:57  Siege Tank  
  192  21:01  Marine  
  184  21:04  Marine x3  
  184  21:06  Marine  
  182  21:15  Marine x5  
  182  21:16  Marine x2  
  182  21:18  Marine x4  
  180  21:19  Marine  
  180  21:20  Medivac x2, Siege Tank  
  180  21:22  Marine x3  
  180  21:24  Marine  
  196  21:29  Siege Tank  
  177  21:32  Marine  
  177  21:33  Medivac x2, Marine x4  
  177  21:34  Marine x2  
  177  21:36  Marine x3  
  177  21:37  Marine  
  177  21:39  Marine  
  181  21:40  Marine  
  181  21:43  Marine x2  
  181  21:48  Marine  
  181  21:50  Marine  
  181  21:53  Siege Tank  
  181  21:54  Liberator  
  186  22:01  Siege Tank  
  186  22:02  Marine  
  186  22:03  Marine  
  183  22:08  Marine x4  
  183  22:09  Marine x6  
  183  22:14  Marine  
  178  22:22  Marine  
  175  22:24  Marine  
  175  22:25  Siege Tank  
  175  22:27  Marine  
  175  22:28  Marine x3  
  178  22:32  Marine x2  
  178  22:33  Siege Tank  
  178  22:34  Marine  
  178  22:37  Marine x2  
  163  22:44  Marine x2  
  163  22:46  Marine  
  163  22:49  Marine x5  
  151  22:51  Marine  
  151  22:52  Marine  
  151  22:55  Marine x3  
  151  22:57  Siege Tank  
  151  22:58  Marine x2  
  157  23:04  Marine  
  157  23:05  Siege Tank, Marine x2  
  159  23:08  Marine  
  159  23:10  Marine  
  159  23:11  Marine x2  
  144  23:15  Marine  
  144  23:17  Marine x2  
  131  23:21  Marine  
  131  23:22  Marine x3  
  131  23:23  Marine  
  131  23:24  Marine  
  126  23:28  Medivac x2  
  126  23:29  Siege Tank, Marine  
  126  23:32  Marine x3  
  137  23:37  Siege Tank  
  140  23:41  Medivac x2  
  140  23:42  Marine  
  140  23:43  Orbital Command  
  140  23:45  Marine  
  146  23:52  Marine  
  138  23:57  Marine x10  
  138  23:58  Medivac x2, Marine x3  
  138  24:01  Siege Tank  
  138  24:02  Marine  
  158  24:03  Marine  
  162  24:10  Marine  
  162  24:13  Medivac x2  
  162  24:15  Marine x8  
  162  24:16  Marine x2  
  174  24:23  Marine x5  
  179  24:27  Marine  
  180  24:37  Siege Tank, Marine  
  175  24:40  Marine x2  
  164  24:47  Siege Tank  
  164  24:52  Marine x9  
  159  24:54  Marine  
  159  24:56  Marine  
  159  24:58  Marine  
  153  25:04  Marine  
  153  25:05  Marine x2  
  153  25:07  Marine  
  142  25:09  Siege Tank  
  142  25:11  Marine  
  142  25:12  Marine  
  147  25:14  Marine  
  147  25:15  Marine  
  147  25:19  Marine  
  150  25:26  Marine x2  
  129  25:29  Marine x3  
  129  25:30  Marine  
  129  25:34  Marine  
  129  25:35  Marine  
  123  25:38  Marine  
  123  25:40  Marine x2  
  117  25:44  Marine  
  117  25:47  Marine x3  
  121  25:57  Marine  
  114  26:10  Siege Tank  
  117  26:12  Siege Tank, Marine  
  117  26:14  Marine  
  122  26:21  Orbital Command  
  117  26:28  Marine  
  117  26:29  Marine  
  105  26:35  Marine  
  99  26:41  Marine  
  99  26:42  Siege Tank  
  99  26:43  Marine  
  99  26:44  Siege Tank  
  99  26:45  Marine  
Tags
 
Add a new tag
Caveats
  • Supply blocks, unpowered buildings, or Contaminate may cause inaccurate times.
  • Supply counts are checked every 10 seconds.